 Dungeon Crawl Stone Soup version 0.18-a0-1577-gf591c28 (webtiles) character file.

6139 Ijustatesigmund the Covert (level 10, -3/69 HPs)
             Began as an Octopode Assassin on Mar 21, 2016.
             Was a Priest of Pakellas.
             Killed from afar by a white imp (6 damage)
             ... with a puff of frost
             ... on level 9 of the Dungeon.
             The game lasted 00:39:58 (11511 turns).

Ijustatesigmund the Covert (Octopode Assassin)     Turns: 11511, Time: 00:39:58

Health: -3/69      AC:  1    Str: 12    XL:     10   Next: 90%
Magic:  10/15      EV: 13    Int: 14    God:    Pakellas [***...]
Gold:   343        SH:  0    Dex: 15    Spells: 0 memorised, 9 levels left

rFire  . . .     SeeInvis +     a - +2 dagger
rCold  . . .     Gourm    .     (no shield)
rNeg   . . .     Faith    .     (helmet restricted)
rPois  .         Spirit   .     (no amulet)
rElec  .         Dismiss  .     o - ring of flight
rCorr  .         Reflect  .     B - ring of see invisible
SustAt .         Harm     .     (no ring)
MR     .....                    (no ring)
Stlth  +++++++...               (no ring)
                                (no ring)
                                (no ring)
                                (no ring)

@: not resistant to hostile enchantments, extremely stealthy
A: almost no armour, amphibious, 8 rings, constrict 8, camouflage 1, gelatinous
body 1
a: Quick Charge, Device Surge, Renounce Religion, Evoke Flight


You were on level 9 of the Dungeon.
You worshipped Pakellas.
Pakellas was most pleased with you.
You were not hungry.

You visited 2 branches of the dungeon, and saw 10 of its levels.

You collected 343 gold pieces.

Inventory:

Hand Weapons
 a - a +2 dagger (weapon)
 b - a +2 blowgun
 l - a +0 dagger of venom
Missiles
 c - 48 poisoned needles
 H - 3 needles of confusion
Magical Staves
 p - an uncursed staff of air
Jewellery
 g - the cursed ring "Jacvuuv" {+Blink rPois Int+7 Slay-3, unknown}
   (You took it off a centaur on level 7 of the Dungeon)

   [ring of slaying]

   It affects your intelligence (+7).
   It affects your accuracy and damage with ranged weapons and melee attacks
   (-3).
   It protects you from poison.
   It lets you blink.
   It has a curse placed upon it.
 o - a ring of flight (left tentacle)
 B - a ring of see invisible (right tentacle)
Wands
 d - a wand of paralysis (8/24)
 n - a wand of flame (19/48)
 q - a wand of flame (26/48)
 x - a wand of flame (27/48)
 E - a wand of iceblast (2/15)
Scrolls
 e - 4 scrolls of magic mapping
 r - a scroll of fog
 u - a scroll of remove curse
 y - a scroll of enchant armour
Potions
 k - a potion of might {unknown}
 m - a potion of magic
 s - a potion of brilliance
 t - 2 potions of mutation {unknown}
 A - 2 potions of curing
 D - 2 potions of cure mutation {unknown}
Books
 z - a book of Death

   Spells                             Type                      Level
   a - Corpse Rot                     Necromancy                   2
   b - Sublimation of Blood           Necromancy                   2
   c - Agony                          Necromancy                   5
   d - Dispel Undead                  Necromancy                   5
   e - Excruciating Wounds            Charms/Necromancy            5
   f - Bolt of Draining               Conjuration/Necromancy       5
 C - a book of Summonings

   Spells                             Type                      Level
   a - Recall                         Summoning/Translocation      3
   b - Aura of Abjuration             Summoning                    5
   c - Summon Demon                   Summoning                    5
   d - Summon Forest                  Summoning/Translocation      5
   e - Summon Mana Viper              Hexes/Summoning              5
   f - Shadow Creatures               Summoning                    6
Comestibles
 f - 3 bread rations
 i - 4 meat rations
 G - 15 fruits


   Skills:
 + Level 6.6 Fighting
 + Level 6.4 Short Blades
 - Level 8.0 Throwing
 + Level 2.7 Dodging
 - Level 12.2 Stealth
 - Level 7.7 Evocations


You had 9 spell levels left.
You didn't know any spells.

Dungeon Overview and Level Annotations

Branches:
Dungeon (9/15)             Temple (1/1) D:4
   Lair: D:8-11         Orc: D:9-12

Altars:
Ashenzari
Cheibriados
Dithmenos
Elyvilon
Fedhas
Kikubaaqudgha
Makhleb
Nemelex Xobeh
Okawaru
Pakellas
Qazlal
Ru
Sif Muna
Vehumet
Xom
Yredelemnul
Zin
The Shining One

Shops:
D:4 %   D:5 %


Innate Abilities, Weirdness & Mutations

You cannot wear most types of armour.
You are amphibious.
You can wear up to eight rings at the same time.
You can use your tentacles to constrict eight enemies at once.
Your skin changes colour to match your surroundings (Stealth).
Your rubbery body absorbs attacks (AC +1).


Message History

A white imp comes into view.
You closely miss the phantom.
The phantom is almost destroyed.
The phantom hits you!
* * * LOW HITPOINT WARNING * * *
You closely miss the phantom.
The white imp shouts, "Slither home, thou rough-hewn sheep-biting flim-flammer!"
Your squeeze misses the phantom.
The phantom is almost destroyed.
The phantom closely misses you.
You closely miss the phantom.
The phantom is almost destroyed.
Drink which item? (? for menu, Esc to quit)
You feel better. The phantom hits you!
* * * LOW HITPOINT WARNING * * *
The phantom blinks!
The white imp gestures at you. The puff of frost hits you!
You die...
Pakellas says: That's one more possible approach eliminated.

# .####.# .... ..#...#
##...... .... ...#.##
#..8.... ....
.....#####....... ._..
###..W..##........ ....
##....)...........
....##................
...##..........§..#
##............@<###
##...............5.##.
#...#####.............#
#..... #..#............(
......##.#............##
. .........)............
....#.................§§
...5...<...$..........§§
.#..............._.....


You could see a phantom and a white imp.

Vanquished Creatures
  Erolcha (D:8)
  2 trolls
  A polar bear (D:8)
  Sigmund (D:4)
  Eustachio (D:6)
  12 yaks (D:8)
  A hungry ghost (D:7)
  2 sky beasts
  An ice beast (D:7)
  A black bear (D:8)
  2 ogres
  5 centaurs
  A big kobold (D:8)
  A giant frog (D:7)
  3 scorpions
  2 howler monkeys (D:8)
  8 crimson imps
  2 jellies
  A hound (D:5)
  Crazy Yiuf (D:4)
  4 centaur skeletons
  A giant frog skeleton (D:7)
  4 orc priests
  Ijyb (D:3)
  3 orc wizards (D:5)
  An iguana (D:6)
  Natasha (thrice) (D:4)
  8 worker ants
  2 hound skeletons
  2 hound zombies
  A howler monkey zombie (D:5)
  A worker ant zombie (D:8)
  10 gnolls
  5 adders
  2 shadow imps
  3 white imps
  2 ufetubi
  2 oozes
  A worm (D:3)
  3 dart slugs
  5 giant geckos
  12 orcs
  3 giant cockroaches
  10 goblins
  10 hobgoblins
  20 jackals
  4 quokkas
  3 ball pythons
  6 bats
  3 giant newts
  7 kobolds
  2 rats (D:3)
193 creatures vanquished.

Notes
Turn   | Place    | Note
--------------------------------------------------------------
     0 | D:1      | Ijustatesigmund the Octopode Assassin began the quest for the Orb.
     0 | D:1      | Reached XP level 1. HP: 14/14 MP: 1/1
   423 | D:1      | Reached XP level 2. HP: 19/19 MP: 2/2
   883 | D:2      | Reached XP level 3. HP: 25/25 MP: 3/3
  1118 | D:2      | Found a shimmering altar of Xom.
  1119 | D:2      | Found a shimmering altar of Xom.
  1119 | D:2      | Found a shimmering altar of Xom.
  1712 | D:3      | Reached XP level 4. HP: 29/31 MP: 4/4
  1735 | D:3      | You fall through a shaft for 3 floors!
  1798 | D:6      | Noticed Eustachio
  1892 | D:5      | Entered Level 5 of the Dungeon
  1903 | D:5      | Reached XP level 5. HP: 19/36 MP: 5/5
  2236 | D:5      | Found a radiant altar of Vehumet.
  2254 | D:5      | Reached skill level 6 in Stealth
  2350 | D:5      | Noticed a centaur
  2352 | D:5      | Noticed a sky beast
  2357 | D:4      | Noticed Sigmund
  2390 | D:4      | Killed Sigmund
  2390 | D:4      | Reached XP level 6. HP: 34/43 MP: 6/6
  2882 | D:3      | Noticed Ijyb
  2888 | D:3      | Killed Ijyb
  2888 | D:3      | Reached XP level 7. HP: 49/49 MP: 7/7
  3292 | D:4      | Found Watoxobi's Food Emporium.
  3297 | D:4      | Noticed Natasha
  3301 | D:4      | Killed Natasha
  3412 | D:4      | Noticed Crazy Yiuf
  3419 | D:4      | Killed Crazy Yiuf
  3419 | D:4      | Reached skill level 7 in Stealth
  3613 | D:4      | Found a shadowy altar of Dithmenos.
  3733 | D:4      | Noticed Natasha
  3739 | D:4      | Killed Natasha
  3793 | D:4      | Noticed Natasha
  3800 | D:4      | Killed Natasha
  3929 | D:4      | Found a staircase to the Ecumenical Temple.
  3938 | Temple   | Entered the Ecumenical Temple
  4006 | Temple   | Became a worshipper of Pakellas the Inventive
  4070 | D:5      | Found Amniumul's Food Shop.
  4167 | D:6      | Reached skill level 5 in Short Blades
  4167 | D:6      | Reached skill level 1 in Evocations
  4647 | D:6      | Reached skill level 5 in Fighting
  4647 | D:6      | Reached XP level 8. HP: 53/55 MP: 7/9
  4872 | D:6      | Reached skill level 8 in Stealth
  5385 | D:5      | Reached * piety under Pakellas
  5438 | D:5      | Reached skill level 5 in Throwing
  5930 | D:6      | Reached skill level 9 in Stealth
  6052 | D:6      | Killed Eustachio
  6052 | D:6      | Reached XP level 9. HP: 61/61 MP: 10/12
  6898 | D:7      | Reached skill level 5 in Evocations
  6901 | D:7      | Got a clouded golden ring
  7097 | D:7      | Found a radiant altar of Vehumet.
  7107 | D:7      | Found an ancient bone altar of Kikubaaqudgha.
  7179 | D:7      | Reached skill level 10 in Stealth
  7809 | D:7      | Noticed a troll
  7813 | D:7      | Killed a troll
  7854 | D:7      | Reached ** piety under Pakellas
  7854 | D:7      | Received a gift from Pakellas
  7917 | D:8      | Noticed a troll
  7920 | D:8      | Killed a troll
  8087 | D:8      | Reached skill level 11 in Stealth
  8433 | D:8      | Reached XP level 10. HP: 56/66 MP: 14/14
  8559 | D:8      | Noticed Erolcha
  8566 | D:8      | Killed Erolcha
  8935 | D:8      | Found a sacrificial altar of Ru.
  9275 | D:8      | Reached skill level 12 in Stealth
 10368 | D:9      | Found a glowing golden altar of the Shining One.
 10719 | D:8      | Reached *** piety under Pakellas
 11455 | D:9      | Found a snail-covered altar of Cheibriados.
 11509 | D:9      | HP: 2/69 [phantom (10)]
 11511 | D:9      | Killed from afar by a white imp

Vault maps used:
D:1:      dpeg_arrival_rhombi
D:2:      xom_redecorated
D:3:      first_bread, uniq_iyjb
D:4:      grunt_dithmenos_smoke, temple_hall, serial_shops, shop, uniq_sigmund,
          uniq_natasha, uniq_crazy_yiuf_cottage
D:5:      serial_shops, nicolae_shop_temple_entry_statues_fountains,
          vehumet_altar_wand_db
D:6:      kennysheep_six_static_rooms, uniq_eustachio
D:7:      amethyst_overflow_temple_binary
D:8:      serial_glass, glass_columns_a, glass_columns_b, glass_columns_a,
          glass_columns_a, blue_anna_alchemist, nicolae_ru_path_of_blood,
          uniq_erolcha
D:9:      tso_metal_star, grunt_gozag_breadcrumbs, cheibriados_altar_1,
          overflow_temple_1_default, serial_ice, serial_ice_i, serial_ice_f,
          serial_ice_m, serial_ice_d, serial_ice_b, serial_ice_o, serial_ice_e,
          serial_ice_a, serial_ice_g, serial_ice_n
Temple:   circular_temple_12

Skill      XL: |  1  2  3  4  5  6  7  8  9 10 |
---------------+-------------------------------+-----
Fighting       | 3 4 5 6 |  6.6
Short Blades   | 3 4 5 6 |  6.4
Stealth        | 6 7 9 11 12 | 12.2
Throwing       | 3 4 5 7 8 |  8.0
Evocations     | 1 4 6 7 |  7.7
Dodging        | 2 |  2.7

Action                   |  1- 3 |  4- 6 |  7- 9 | 10-12 || total
-------------------------+-------+-------+-------+-------++-------
Melee: Dagger            |    52 |    58 |   292 |   133 ||   535
 Fire: Blowgun           |       |     7 |    70 |    26 ||   103
Throw: Throwing net      |       |       |     1 |     1 ||     2
Invok: Quick Charge      |       |       |       |     2 ||     2
Evoke: Wand              |       |       |     3 |    37 ||    40
  Use: Scroll            |     8 |     3 |    11 |     2 ||    24
       Potion            |       |       |     4 |     3 ||     7
 Stab: Sleeping          |    14 |     5 |    33 |     1 ||    53
       Distracted        |     2 |       |     3 |       ||     5
       Confused          |       |       |     2 |       ||     2
       Paralysed         |       |       |       |     8 ||     8
  Eat: Chunk             |     2 |     2 |     6 |     3 ||    13
       Pizza             |       |     1 |       |     1 ||     2
       Beef jerky        |       |       |     4 |       ||     4
       Fruit             |       |       |     8 |     3 ||    11
       Bread ration      |       |       |     3 |       ||     3
